[Event "Titled Tuesday Blitz June 20 Early 2023"]
[White "Kumsiashvili, Nikoloz"]
[Black "Maksimovic, Bojan"]
[WhiteFideId "13600621"]
[BlackFideId "14408120"]
[WhiteElo "2299"]
[BlackElo "2457"]
[Result "1-0"]
[Round "10"]
[TimeControl "180+2"]
[Date "2023.06.20"]
[WhiteClock "0:00:05"]
[BlackClock "0:00:00"]
[Board "41"]

1. c4 Nf6 2. Nc3 d5 3. d4 dxc4 4. e3 e5 5. Bxc4 exd4 6. exd4 Bd6 7. Nf3 O-O 8. O-O h6 9. h3 Nc6 10. Be3 Bf5 11. a3 Ne4 12. Bd3 Nxc3 13. bxc3 Bxd3 14. Qxd3 Re8 15. c4 Na5 16. Bd2 c5 17. d5 a6 18. Rab1 Rb8 19. Bc3 Bf8 20. Nd2 Nc6 21. Rfd1 Ne5 22. Qg3 Ng6 23. Nb3 Bd6 24. Qd3 Qh4 25. Re1 b5 26. Na5 Rxe1+ 27. Rxe1 b4 28. axb4 cxb4 29. Bd4 Nf4 30. Qf3 Nxh3+ 31. Qxh3 Qxd4 32. Nc6 Qd2 33. Qe3 Qxe3 34. fxe3 Rb6 35. e4 f6 36. Rb1 b3 37. Kf2 Kf7 38. Ke2 Be5 39. Kd3 b2 40. Nxe5+ fxe5 41. Kc3 Rg6 42. Rxb2 Rg4 43. Kb4 Rxe4 44. Kc5 Re1 45. Kd6 e4 46. c5 e3 47. c6 1-0


[Site "https://www.chess.com"]

[Event "Titled Tuesday Blitz June 20 Early 2023"]
[White "Vlassov, Nikolai"]
[Black "Simonian, Hrair"]
[WhiteFideId "4103360"]
[BlackFideId "13302337"]
[WhiteElo "2324"]
[BlackElo "2447"]
[Result "0-1"]
[Round "10"]
[TimeControl "180+2"]
[Date "2023.06.20"]
[WhiteClock "0:00:00"]
[BlackClock "0:01:30"]
[Board "42"]

1. e4 c5 2. c3 d5 3. exd5 Qxd5 4. d4 g6 5. dxc5 Qxd1+ 6. Kxd1 Nh6 7. b4 Ng4 8. Nh3 a5 9. Bb2 Bg7 10. a3 Nc6 11. Bb5 Bf5 12. Nd2 O-O-O 13. Bxc6 bxc6 14. Ke1 Rd7 15. Nc4 Kc7 16. f3 Ne5 17. Nxe5 Bxe5 18. Nf2 Rhd8 19. Rd1 axb4 20. axb4 Bc2 21. Rxd7+ Rxd7 22. Ke2 f5 23. g3 Bb3 24. Ra1 Kb7 25. f4 Bf6 26. Ke3 e5 27. fxe5 Bxe5 28. Nd3 Bf6 29. Nf4 g5 30. Ne2 Bc4 31. Nd4 Re7+ 32. Kf3 Bd5+ 33. Kf2 f4 34. Re1 fxg3+ 35. hxg3 Be5 36. Nf3 Rf7 37. Rxe5 Rxf3+ 38. Ke2 Rxg3 39. Bc1 h6 40. Re7+ Ka6 41. Rh7 Rxc3 42. Bd2 Rh3 43. Bxg5 Rh2+ 44. Ke3 Rh3+ 45. Ke2 Bc4+ 46. Kf2 h5 47. Rc7 Bd5 48. Rd7 Rf3+ 49. Ke2 Rg3 50. Bh4 Rg4 51. Bd8 Rxb4 52. Rh7 Rb3 0-1


[Site "https://www.chess.com"]

[Event "Titled Tuesday Blitz June 20 Early 2023"]
[White "Sowul, Bartosz"]
[Black "Avinash Ramesh"]
[WhiteFideId "1137590"]
[BlackFideId "45018340"]
[WhiteElo "2188"]
[BlackElo "2300"]
[Result "0-1"]
[Round "10"]
[TimeControl "180+2"]
[Date "2023.06.20"]
[WhiteClock "0:00:01"]
[BlackClock "0:00:59"]
[Board "43"]

1. e4 e5 2. Nf3 Nc6 3. Bb5 a6 4. Bxc6 dxc6 5. O-O Qf6 6. d4 exd4 7. Qxd4 Qxd4 8. Nxd4 Bd7 9. Bf4 O-O-O 10. Nc3 Ne7 11. Rad1 Ng6 12. Be3 Bb4 13. Nde2 Rhe8 14. a3 Bf8 15. f3 c5 16. Nd5 b6 17. Nec3 Kb7 18. Rd2 Ne5 19. b3 f5 20. Bg5 Rc8 21. f4 Nf7 22. Nxb6 Kxb6 23. Rxd7 Nxg5 24. fxg5 fxe4 25. Re1 c4 26. b4 a5 27. bxa5+ Kxa5 28. Rxe4 Bc5+ 29. Kf1 Rf8+ 30. Ke1 Bxa3 31. Rxc4 Bd6 32. Ne4 Bxh2 33. Rc6 Rce8 34. Rd5+ Kb4 35. Rd4+ Kb5 36. Rc5+ Kb6 37. Rb4+ Ka6 38. Rc6+ Ka5 39. c3 Bd6 40. Rbc4 Rf4 0-1


[Site "https://www.chess.com"]

[Event "Titled Tuesday Blitz June 20 Early 2023"]
[White "Hayrapetyan, Hovik"]
[Black "Ovchinnikov, Vsevolod"]
[WhiteFideId "13302639"]
[BlackFideId "24176842"]
[WhiteElo "2348"]
[BlackElo "2376"]
[Result "1-0"]
[Round "10"]
[TimeControl "180+2"]
[Date "2023.06.20"]
[WhiteClock "0:01:10"]
[BlackClock "0:00:00"]
[Board "44"]

1. d4 d5 2. c4 dxc4 3. Nf3 c6 4. e4 b5 5. a4 Qb6 6. Be3 e6 7. Be2 Nf6 8. Nbd2 Bb4 9. O-O a5 10. d5 Bc5 11. Bxc5 Qxc5 12. dxc6 Ba6 13. axb5 Bxb5 14. Nxc4 Bxc4 15. Rc1 O-O 16. Rxc4 Qb6 17. Ne5 Na6 18. Qc2 Rfd8 19. c7 Rdc8 20. Rc6 Nb4 21. Rxb6 Nxc2 22. Rb7 Nd4 23. Bd3 Ne8 24. Rc1 a4 25. Nd7 Nd6 26. Rb8 Nb3 27. Rc3 1-0


[Site "https://www.chess.com"]

[Event "Titled Tuesday Blitz June 20 Early 2023"]
[White "Aradhya, Garg"]
[Black "Shukhman, Anna"]
[WhiteFideId "25006746"]
[BlackFideId "54180058"]
[WhiteElo "2263"]
[BlackElo "2235"]
[Result "0-1"]
[Round "10"]
[TimeControl "180+2"]
[Date "2023.06.20"]
[WhiteClock "0:00:17"]
[BlackClock "0:00:08"]
[Board "45"]

1. d4 f5 2. Nf3 Nf6 3. g3 g6 4. Bg2 Bg7 5. O-O O-O 6. c4 d6 7. Nc3 Qe8 8. d5 c6 9. Nd4 e5 10. dxe6 Na6 11. Bf4 Qe7 12. Nd5 cxd5 13. cxd5 Nh5 14. Rc1 Nxf4 15. gxf4 Nc5 16. b4 Ne4 17. f3 Nf6 18. e4 Nh5 19. exf5 Nxf4 20. Kh1 Qh4 21. e7 Re8 22. Ne6 Bxe6 23. fxe6 Be5 24. Rc2 Nxe6 25. Bh3 Qxh3 26. dxe6 Rxe7 27. f4 Bf6 28. f5 gxf5 29. Rg2+ Kh8 30. Qd5 Be5 31. Re1 Rg8 32. Rf2 Qh6 33. Rg2 Rxg2 34. Qxg2 Rg7 35. Qf2 Qxe6 36. Qf3 Qh6 37. Qf2 f4 38. Qf3 Qh4 39. Rc1 Qg4 40. Qxb7 Rxb7 0-1


[Site "https://www.chess.com"]

[Event "Titled Tuesday Blitz June 20 Early 2023"]
[White "MKlose11"]
[Black "Renjith, Sravan"]
[BlackFideId "4306783"]
[WhiteElo "2582"]
[BlackElo "2104"]
[Result "1-0"]
[Round "10"]
[TimeControl "180+2"]
[Date "2023.06.20"]
[WhiteClock "0:00:23"]
[BlackClock "0:00:08"]
[Board "46"]

1. e4 e5 2. Nf3 Nc6 3. d4 exd4 4. Bc4 Nf6 5. O-O Nxe4 6. Re1 d5 7. Bxd5 Qxd5 8. Nc3 Qh5 9. Nxe4 Be6 10. Bg5 h6 11. Bf6 Qf5 12. Nxd4 Qd5 13. Nxe6 fxe6 14. Qe2 Qf5 15. Bc3 O-O-O 16. Ng3 Qf7 17. Qxe6+ Qxe6 18. Rxe6 Rg8 19. Rae1 Bc5 20. a3 Nd4 21. Bxd4 Bxd4 22. c3 Bb6 23. Kf1 Rd2 24. R6e2 Rgd8 25. f3 c6 26. Ne4 Rd1 27. Rxd1 Rxd1+ 28. Re1 Rd7 29. Ke2 Bc7 30. h3 Bf4 31. Rd1 Re7 32. h4 h5 33. Kf2 Bc7 34. c4 Kb8 35. b4 a5 36. c5 Ka7 37. Nd6 Ka6 38. Rd4 Re5 39. Nc4 Kb5 40. Nxe5 Bxe5 41. Rd7 axb4 42. axb4 Kxb4 43. Rxb7+ Kxc5 44. Ke3 Kd5 45. Rd7+ Ke6 46. Rb7 Bg3 47. Rxg7 Bxh4 48. Rh7 Bf6 49. Rxh5 Kd6 50. Ke4 1-0


[Site "https://www.chess.com"]

[Event "Titled Tuesday Blitz June 20 Early 2023"]
[White "Fernandez Guillen, Ernesto J."]
[Black "Skliarov, Viktor"]
[WhiteFideId "3512428"]
[BlackFideId "14106736"]
[WhiteElo "2434"]
[BlackElo "2317"]
[Result "1-0"]
[Round "10"]
[TimeControl "180+2"]
[Date "2023.06.20"]
[WhiteClock "0:00:52"]
[BlackClock "0:00:06"]
[Board "47"]

1. e4 c5 2. Nf3 Nc6 3. d4 cxd4 4. Nxd4 Nf6 5. Nc3 e5 6. Ndb5 d6 7. Bg5 a6 8. Na3 b5 9. Nd5 Be7 10. Bxf6 Bxf6 11. c4 b4 12. Nc2 a5 13. g3 Bg5 14. Bg2 O-O 15. O-O Be6 16. Qd3 Bxd5 17. Qxd5 Qb6 18. Rfd1 Rfd8 19. b3 a4 20. h4 Be7 21. Ne3 Nd4 22. Nf5 Nxf5 23. exf5 Ra5 24. Qd3 Qa7 25. Rab1 axb3 26. axb3 Ra2 27. Rd2 Rc8 28. Rxa2 Qxa2 29. Qd1 Bd8 30. Ra1 Qb2 31. Ra6 Bc7 32. Qf3 Rb8 33. Ra8 Rf8 34. f6 g6 35. Rxf8+ Kxf8 36. Qa8+ 1-0


[Site "https://www.chess.com"]

[Event "Titled Tuesday Blitz June 20 Early 2023"]
[White "Gavrilov, Maxim"]
[Black "Rahman, Masruri"]
[WhiteFideId "24271454"]
[BlackFideId "7101163"]
[WhiteElo "1969"]
[BlackElo "2256"]
[Result "1-0"]
[Round "10"]
[TimeControl "180+2"]
[Date "2023.06.20"]
[WhiteClock "0:01:35"]
[BlackClock "0:00:41"]
[Board "48"]

1. d4 e6 2. c4 Nf6 3. Nc3 Bb4 4. Nf3 b6 5. e3 Bb7 6. Bd3 O-O 7. O-O Bxc3 8. bxc3 Be4 9. Bxe4 Nxe4 10. a4 f5 11. a5 Nxc3 12. Qb3 Ne2+ 13. Kh1 Nxc1 14. Rfxc1 Nc6 15. axb6 axb6 16. d5 Rxa1 17. Rxa1 Na5 18. Qb4 Qf6 19. Rd1 d6 20. Nd4 exd5 21. cxd5 f4 22. Ne6 Rf7 23. exf4 Nb7 24. Qa4 h6 25. Qa8+ 1-0


[Site "https://www.chess.com"]

[Event "Titled Tuesday Blitz June 20 Early 2023"]
[White "chess123456s"]
[Black "Fus, Jakub"]
[BlackFideId "1193023"]
[WhiteElo "2539"]
[BlackElo "2335"]
[Result "1/2-1/2"]
[Round "10"]
[TimeControl "180+2"]
[Date "2023.06.20"]
[WhiteClock "0:00:20"]
[BlackClock "0:00:07"]
[Board "49"]

1. e4 e5 2. Nf3 Nc6 3. Bc4 Bc5 4. c3 Nf6 5. d3 d6 6. O-O h6 7. Nbd2 O-O 8. h3 a5 9. Re1 Re8 10. Nf1 Bb6 11. Ng3 Be6 12. Bb5 Bd7 13. d4 Ne7 14. Bd3 Ng6 15. Be3 c6 16. Qd2 d5 17. Nxe5 Nxe5 18. dxe5 Rxe5 19. f4 Re8 20. e5 Ne4 21. Nxe4 dxe4 22. Bxe4 Be6 23. Qxd8 Bxe3+ 24. Rxe3 Raxd8 25. Re2 g6 26. b3 h5 27. Kf2 Rd7 28. Ke3 Red8 29. Bc2 Rd5 30. Ree1 Rc5 31. c4 b5 32. Rad1 Rxd1 33. Rxd1 bxc4 34. bxc4 Rxc4 35. Bb3 Rc3+ 36. Kd4 Rg3 37. Bxe6 fxe6 38. Rd2 g5 39. fxg5 Rxg5 40. Rc2 Kf7 41. Re2 Ke7 42. Kc5 Kd7 43. Kb6 a4 44. Rd2+ Ke7 45. Kxc6 Rxe5 46. Rd4 Re2 47. Rxa4 Rxg2 48. Rh4 Rg5 49. a4 e5 50. Kd5 Kf6 51. Re4 Rg1 52. a5 Rd1+ 53. Kc6 Kf5 54. Re2 e4 55. a6 Rc1+ 56. Kb7 Rb1+ 57. Kc7 Rc1+ 58. Kb7 Rb1+ 59. Kc7 Rc1+ 60. Kb7 1/2-1/2


[Site "https://www.chess.com"]

[Event "Titled Tuesday Blitz June 20 Early 2023"]
[White "Turzo, Attila"]
[Black "Ajay Karthikeyan"]
[WhiteFideId "704954"]
[BlackFideId "35011685"]
[WhiteElo "2535"]
[BlackElo "2321"]
[Result "0-1"]
[Round "10"]
[TimeControl "180+2"]
[Date "2023.06.20"]
[WhiteClock "0:00:53"]
[BlackClock "0:02:22"]
[Board "50"]

1. d4 Nf6 2. c4 c5 3. d5 b5 4. cxb5 a6 5. bxa6 g6 6. g3 Bg7 7. Bg2 d6 8. Nh3 O-O 9. O-O Bxa6 10. Nc3 Nbd7 11. Nf4 Qa5 12. Rb1 Rfb8 13. Bd2 Ne5 14. b3 Bc8 15. a4 Bf5 16. e4 Bg4 17. f3 Bd7 18. Qc2 Qa6 19. Rfc1 c4 20. b4 Bxa4 21. Nxa4 Qxa4 22. Qxa4 Rxa4 23. Bc3 Nfd7 24. h4 Ra3 25. Bxe5 Nxe5 26. b5 Rb3 27. Rxb3 cxb3 28. Bf1 Nxf3+ 29. Kf2 b2 30. Rb1 Nd2 31. Bd3 Nxb1 32. Bxb1 Rxb5 33. Nd3 Ra5 34. Ke2 Ra1 35. Bc2 b1=Q 36. Bxb1 Rxb1 37. e5 Bxe5 38. Nxe5 dxe5 0-1


[Site "https://www.chess.com"]

[Event "Titled Tuesday Blitz June 20 Early 2023"]
[White "Yelisieiev, Yevhenii"]
[Black "Goryachkina, Aleksandra"]
[WhiteFideId "14139642"]
[BlackFideId "4147103"]
[WhiteElo "2403"]
[BlackElo "2471"]
[Result "0-1"]
[Round "10"]
[TimeControl "180+2"]
[Date "2023.06.20"]
[WhiteClock "0:00:00"]
[BlackClock "0:01:00"]
[Board "51"]

1. d4 Nf6 2. Nf3 d5 3. c4 e6 4. Nc3 Nbd7 5. Bg5 h6 6. Bh4 Be7 7. e3 O-O 8. Qc2 a6 9. cxd5 exd5 10. Bd3 c6 11. O-O Re8 12. Rfe1 Nf8 13. h3 Ne4 14. Bxe7 Qxe7 15. Bxe4 dxe4 16. Nd2 f5 17. d5 Ng6 18. Nc4 Qg5 19. g3 Qh5 20. Nd6 Qxh3 21. Nxe8 Ne5 22. f4 Nf3+ 23. Kf2 Qh2+ 24. Kf1 Qxc2 25. Re2 Qd3 26. Rd1 Qc4 27. Nd6 Qc5 28. Nxc8 Rxc8 29. d6 Rd8 30. d7 Qe7 0-1


[Site "https://www.chess.com"]

[Event "Titled Tuesday Blitz June 20 Early 2023"]
[White "Rodchenkov, Sergey D."]
[Black "Kvaloy, Aksel Bu"]
[WhiteFideId "4168712"]
[BlackFideId "1528815"]
[WhiteElo "2277"]
[BlackElo "2318"]
[Result "0-1"]
[Round "10"]
[TimeControl "180+2"]
[Date "2023.06.20"]
[WhiteClock "0:00:00"]
[BlackClock "0:00:35"]
[Board "52"]

1. e4 e5 2. Nf3 Nf6 3. d4 Nxe4 4. Bd3 Nc6 5. Nxe5 Nxe5 6. dxe5 Nc5 7. Bc4 Be7 8. O-O O-O 9. Nc3 d6 10. Bf4 Be6 11. Nd5 dxe5 12. Bxe5 Bd6 13. Bxd6 Qxd6 14. Ne3 Qxd1 15. Raxd1 Rad8 16. f3 Rfe8 17. Bxe6 Nxe6 18. Kf2 Kf8 19. h4 h5 20. g3 g6 21. Nc4 Ke7 22. Rfe1 Kf6 23. Ne3 c6 24. Nc4 Rxd1 25. Rxd1 Ke7 26. b4 Rd8 27. Rxd8 Nxd8 28. Ke3 b6 29. Ne5 Ke6 30. f4 Kd5 31. c4+ Ke6 32. a4 Kf5 33. b5 cxb5 34. axb5 f6 35. Nd7 Nb7 36. Kd4 Kg4 37. Nxf6+ Kxg3 38. f5 gxf5 39. Nxh5+ Kxh4 40. Nf4 Kg4 41. Ne6 f4 42. Nc7 Kg3 43. Ne6 f3 44. Ke3 Nc5 45. Nd4 f2 46. Ke2 Kg2 0-1


[Site "https://www.chess.com"]

[Event "Titled Tuesday Blitz June 20 Early 2023"]
[White "Shapiro, Viktor"]
[Black "Koshulyan, Egor A."]
[WhiteFideId "4175700"]
[BlackFideId "24237000"]
[WhiteElo "2212"]
[BlackElo "2216"]
[Result "0-1"]
[Round "10"]
[TimeControl "180+2"]
[Date "2023.06.20"]
[WhiteClock "0:00:09"]
[BlackClock "0:00:14"]
[Board "53"]

1. c4 e6 2. Nc3 d5 3. d4 Nf6 4. Nf3 c6 5. Bg5 h6 6. Bh4 Be7 7. e3 Nbd7 8. Qc2 Ne4 9. Bxe7 Qxe7 10. Nxe4 dxe4 11. Qxe4 Qb4+ 12. Nd2 Qxb2 13. Qb1 Qc3 14. Qc1 Qa5 15. Bd3 e5 16. O-O exd4 17. exd4 O-O 18. Ne4 Nb6 19. c5 Nd5 20. Nd6 Qc7 21. Re1 b6 22. Bc4 Be6 23. Bb3 Rad8 24. Re5 Nb4 25. Rxe6 fxe6 26. Bxe6+ Kh8 27. Qc4 bxc5 28. dxc5 Nd5 29. Bxd5 cxd5 30. Qxd5 Qe7 31. g3 Qf6 32. Rf1 Rd7 33. f4 Qc3 34. Rd1 Rc7 35. Ne4 Qe3+ 36. Kg2 Qe2+ 37. Kh3 Re7 38. Nd6 Rc7 39. Rd4 Qf1+ 40. Kh4 Qf2 41. h3 Re7 42. Re4 Rxe4 43. Nxe4 Rxf4+ 44. Kh5 Qf3+ 45. g4 Qxe4 46. Qd8+ Kh7 47. Qd6 g6+ 48. Kh4 Qe1# 0-1


[Site "https://www.chess.com"]

[Event "Titled Tuesday Blitz June 20 Early 2023"]
[White "Ljukin, Sergei"]
[Black "Bauman_Guy"]
[WhiteFideId "14102200"]
[WhiteElo "2312"]
[BlackElo "2660"]
[Result "1/2-1/2"]
[Round "10"]
[TimeControl "180+2"]
[Date "2023.06.20"]
[WhiteClock "0:00:08"]
[BlackClock "0:01:17"]
[Board "54"]

1. e4 c5 2. Nf3 e6 3. d4 cxd4 4. Nxd4 Nc6 5. Nc3 Nf6 6. Nxc6 bxc6 7. e5 Nd5 8. Ne4 Qc7 9. f4 Qb6 10. c4 Bb4+ 11. Ke2 f5 12. exf6 Nxf6 13. Be3 Qb8 14. Nxf6+ gxf6 15. Kf2 a5 16. Qh5+ Ke7 17. Qh6 Rf8 18. Qxh7+ Rf7 19. Qc2 Ba6 20. c5 a4 21. Bxa6 Rxa6 22. Rhd1 Ra7 23. Rd4 e5 24. Rd6 Qb5 25. Kg1 exf4 26. Bf2 Kd8 27. a3 Ba5 28. Qg6 Qb3 29. Rad1 Rb7 30. h4 Kc7 31. h5 Re7 32. Qxf6 Qf7 33. Qd4 Kb8 34. Qh8+ Ka7 35. Qd4 Kb8 36. Qh8+ Ka7 37. Qd4 Kb8 1/2-1/2


[Site "https://www.chess.com"]

[Event "Titled Tuesday Blitz June 20 Early 2023"]
[White "Jovic, Stanoje"]
[Black "Souleidis, Georgios"]
[WhiteFideId "905020"]
[BlackFideId "4206827"]
[WhiteElo "2236"]
[BlackElo "2401"]
[Result "1-0"]
[Round "10"]
[TimeControl "180+2"]
[Date "2023.06.20"]
[WhiteClock "0:01:19"]
[BlackClock "0:00:00"]
[Board "55"]

1. c4 e5 2. g3 Nc6 3. Bg2 Bc5 4. Nc3 a6 5. Nf3 d6 6. e3 Nf6 7. d4 Bb4 8. O-O Bxc3 9. bxc3 O-O 10. Ba3 Re8 11. Rb1 Bd7 12. h3 Rb8 13. Nd2 h6 14. Qc2 Qc8 15. Kh2 Ne7 16. c5 exd4 17. cxd4 dxc5 18. Qxc5 Bc6 19. Rfc1 Bxg2 20. Kxg2 c6 21. Nc4 Qd7 22. Nd6 Red8 23. Nxb7 Rxb7 24. Rxb7 Qxb7 25. Qxe7 Rd7 26. Qc5 Rc7 27. Rc2 Ne4 28. Qf8+ Kh7 29. Rb2 Qa7 30. Rb8 Nf6 31. Bc5 Rc8 32. Bxa7 Rxf8 33. Rxf8 1-0


[Site "https://www.chess.com"]

[Event "Titled Tuesday Blitz June 20 Early 2023"]
[White "Bazilius, Augustinas"]
[Black "Haug, Havard"]
[WhiteFideId "12832251"]
[BlackFideId "1547887"]
[WhiteElo "1980"]
[BlackElo "2396"]
[Result "1-0"]
[Round "10"]
[TimeControl "180+2"]
[Date "2023.06.20"]
[WhiteClock "0:00:09"]
[BlackClock "0:00:12"]
[Board "56"]

1. d4 d5 2. c4 e6 3. Nf3 c5 4. g3 Nf6 5. Bg2 Nc6 6. O-O Be7 7. cxd5 exd5 8. Nc3 O-O 9. Bg5 c4 10. Ne5 Be6 11. Nxc6 bxc6 12. b3 h6 13. Bxf6 Bxf6 14. bxc4 dxc4 15. e3 c5 16. Bxa8 Qxa8 17. d5 Bxc3 18. dxe6 Bxa1 19. exf7+ Kxf7 20. Qxa1 Qe4 21. Qb2 Kg8 22. Rc1 Rd8 23. Qc2 Qf3 24. Qxc4+ Kh8 25. Qxc5 Rd2 26. Rf1 Rxa2 27. Qc4 Rd2 28. e4 Re2 29. Qc8+ Kh7 30. Qf5+ Qxf5 31. exf5 h5 32. h3 Kh6 33. Ra1 Re5 34. g4 hxg4 35. hxg4 Kg5 36. f3 Re7 37. Kf2 Kf6 38. Ra6+ Kf7 39. Kg3 Rb7 40. g5 Kf8 41. Kg4 Kf7 42. f4 Kf8 43. Kh5 Kf7 44. f6 g6+ 45. Kh6 Rc7 46. f5 gxf5 47. g6+ Kf8 48. Rd6 Rc8 49. Rd7 Ke8 50. Rxa7 f4 51. f7+ Kf8 52. g7# 1-0


[Site "https://www.chess.com"]

[Event "Titled Tuesday Blitz June 20 Early 2023"]
[White "Goltsev, Dmitry"]
[Black "Sebag, Marie"]
[WhiteFideId "24176710"]
[BlackFideId "617822"]
[WhiteElo "2356"]
[BlackElo "2431"]
[Result "1-0"]
[Round "10"]
[TimeControl "180+2"]
[Date "2023.06.20"]
[WhiteClock "0:01:43"]
[BlackClock "0:00:00"]
[Board "57"]

1. e4 e5 2. Nf3 Nc6 3. Bb5 Nf6 4. O-O Nxe4 5. d4 Nd6 6. Bxc6 dxc6 7. dxe5 Nf5 8. Qxd8+ Kxd8 9. Rd1+ Ke8 10. Bg5 Be6 11. Nc3 Be7 12. Rd2 h6 13. Bxe7 Kxe7 14. g4 Rad8 15. gxf5 Bxf5 16. Rad1 Rxd2 17. Rxd2 g5 18. Nd4 Bg6 19. Kg2 Rd8 20. Nb3 Rxd2 21. Nxd2 Bxc2 22. Kg3 Ke6 23. f4 Kf5 24. fxg5 hxg5 25. Nf3 Bd3 26. Nd1 c5 27. Nf2 Be2 28. Ng4 Ke4 29. Nxg5+ Kd3 30. Nxf7 Kc2 31. e6 Kxb2 32. e7 Bb5 33. Nfe5 Kc3 34. h4 c4 35. h5 Kd4 36. Nxc4 Kxc4 37. h6 1-0


[Site "https://www.chess.com"]

[Event "Titled Tuesday Blitz June 20 Early 2023"]
[White "Girya, Olga"]
[Black "Cherniaiev, Tykhon"]
[WhiteFideId "4195752"]
[BlackFideId "14182360"]
[WhiteElo "2263"]
[BlackElo "2450"]
[Result "1-0"]
[Round "10"]
[TimeControl "180+2"]
[Date "2023.06.20"]
[WhiteClock "0:00:09"]
[BlackClock "0:00:18"]
[Board "58"]

1. d4 Nf6 2. Nf3 e6 3. c4 d5 4. Nc3 Be7 5. Bf4 O-O 6. e3 c5 7. cxd5 exd5 8. dxc5 Bxc5 9. Be2 Nc6 10. O-O Be6 11. Rc1 Bd6 12. Bxd6 Qxd6 13. Nd4 a6 14. Bf3 Ne5 15. Nce2 Rfc8 16. Qb3 b5 17. Nf4 Nc4 18. Rcd1 Rd8 19. Qc2 Rac8 20. Qe2 Ne5 21. h3 h6 22. Rc1 Nc4 23. Rfd1 Qe7 24. b3 Ne5 25. Qb2 Qd6 26. Rxc8 Rxc8 27. Rc1 Rd8 28. Qc2 Rc8 29. Qb2 Rd8 30. Qc2 Rc8 31. Qd1 Rd8 32. Nd3 Nxf3+ 33. Qxf3 Qa3 34. Qe2 Re8 35. Qb2 Qa5 36. Nc5 Bc8 37. b4 Qb6 38. Nd3 Ne4 39. Rc6 Qd8 40. Qc2 Bd7 41. Rc7 Nd6 42. Nc6 Bxc6 43. Qxc6 Ne4 44. Rd7 Qb8 45. Qxd5 Ng5 46. h4 Ne6 47. Ne5 Rd8 48. Nc6 Rxd7 49. Qxd7 Qf8 50. Ne7+ Kh8 51. Nd5 g6 52. Qe7 Qg7 53. Qf6 Kg8 54. Qxg7+ Kxg7 55. f3 f5 56. Kf2 g5 57. hxg5 hxg5 58. Ke2 Kf7 59. Kd3 Ke8 60. e4 f4 61. e5 Kd7 62. Ke4 Kc6 63. Ne7+ Kd7 64. Nf5 Nc7 65. Nd4 Na8 66. Kf5 Nb6 67. Kxg5 Nd5 68. Kf5 Nxb4 69. Kxf4 Nxa2 70. Kf5 Nb4 71. Kf6 Nd5+ 72. Kf7 Nc7 73. e6+ Kd6 74. e7 Kd7 75. Ne6 Ne8 76. Nf8+ Kd6 77. Kxe8 b4 78. Kf7 b3 79. e8=Q Kc5 80. Qb8 Kc4 81. Ne6 a5 82. Nc7 Kc3 83. Qb5 b2 84. Qxa5+ Kc2 85. Qb4 Kd1 86. Qxb2 Ke1 87. f4 Kf1 88. f5 Kg1 89. f6 Kh1 90. Ke7 Kg1 91. f7 Kh1 92. f8=Q Kg1 93. Qa8 Kh1 94. Qaa1+ Kh2 95. g4+ Kh3 96. g5 Kh4 97. g6 Kh5 98. g7 Kh6 99. g8=Q Kh5 100. Qh1# 1-0


[Site "https://www.chess.com"]

[Event "Titled Tuesday Blitz June 20 Early 2023"]
[White "Krutko, Anatoly"]
[Black "Yuan, Qingyu"]
[WhiteFideId "4185862"]
[BlackFideId "8609772"]
[WhiteElo "2378"]
[BlackElo "2359"]
[Result "0-1"]
[Round "10"]
[TimeControl "180+2"]
[Date "2023.06.20"]
[WhiteClock "0:00:02"]
[BlackClock "0:00:16"]
[Board "59"]

1. d4 Nf6 2. c4 e6 3. Nc3 Bb4 4. e3 O-O 5. Bd3 d5 6. cxd5 exd5 7. Ne2 Bd6 8. h3 b6 9. O-O c5 10. dxc5 bxc5 11. b3 Bb7 12. Bb2 Nbd7 13. Rc1 Rc8 14. Bf5 Bb8 15. Na4 Ne4 16. Bxd7 Qxd7 17. f3 Ng5 18. Nxc5 Rxc5 19. Rxc5 Qd6 20. Qd4 Ne6 21. f4 Qxc5 22. Qd2 Rc8 23. Rc1 Qb6 24. Rxc8+ Bxc8 25. Nd4 Nxd4 26. Bxd4 Qc6 27. Qb4 Bd6 28. Qa5 a6 29. Qd8+ Bf8 30. Kh2 Qd7 31. Qb6 h6 32. Be5 Qe6 33. Qc7 Qd7 34. Qb6 Bb7 35. Bd4 Qc6 36. Qd8 Qc8 37. Qb6 Bc6 38. a4 Be7 39. b4 Bxa4 40. Bc5 Bxc5 41. bxc5 Bc6 42. Kg3 Qa8 43. Qa5 g6 44. Kh2 Kh7 45. Qc7 Qb7 46. Qa5 Qe7 47. Qa3 Qb7 48. Qa5 Kg7 49. Qc3+ Kg8 50. Qa5 h5 51. h4 d4 52. exd4 Qb2 53. Qd8+ Kh7 54. Qg5 Qxd4 55. f5 Qe5+ 56. Kg1 Qe1+ 57. Kh2 Qe5+ 58. Kg1 Qxf5 59. Qe7 Qe6 60. Qc7 Qe1+ 61. Kh2 Qxh4+ 62. Kg1 Qe1+ 63. Kh2 Qe6 64. Kg1 Qd5 65. Kf2 Qxg2+ 66. Ke3 Qe4+ 67. Kd2 Qd5+ 68. Ke2 Qc4+ 69. Ke1 Qc3+ 70. Ke2 Qc4+ 71. Ke1 Qe4+ 72. Kd1 Qe6 73. Kd2 Qd5+ 74. Ke1 a5 75. Qxa5 h4 76. Qb4 Qe4+ 77. Qxe4 Bxe4 0-1


[Site "https://www.chess.com"]

[Event "Titled Tuesday Blitz June 20 Early 2023"]
[White "Danielyan, Vahe"]
[Black "Mamedov, Edgar"]
[WhiteFideId "13304828"]
[BlackFideId "13739980"]
[WhiteElo "2423"]
[BlackElo "2317"]
[Result "0-1"]
[Round "10"]
[TimeControl "180+2"]
[Date "2023.06.20"]
[WhiteClock "0:01:09"]
[BlackClock "0:00:57"]
[Board "60"]

1. e4 c5 2. Nc3 e6 3. Nf3 Nc6 4. Bb5 Nd4 5. O-O a6 6. Bd3 Nxf3+ 7. Qxf3 Bd6 8. b3 Ne7 9. Bb2 Be5 10. Qh5 Ng6 11. Na4 Qc7 12. Bxe5 Nxe5 13. f4 Nxd3 14. cxd3 b5 15. Qxc5 Qxc5+ 16. Nxc5 d6 17. d4 dxc5 18. dxc5 Bb7 19. Rfe1 O-O-O 20. Re2 Rd4 21. Rae1 Rhd8 22. f5 Rxd2 23. f6 gxf6 24. Rxd2 Rxd2 25. Rf1 Bxe4 26. Rxf6 Rxg2+ 27. Kf1 Rg7 28. Rxf7 Rxf7+ 0-1


[Site "https://www.chess.com"]

[Event "Titled Tuesday Blitz June 20 Early 2023"]
[White "Arabidze, Meri"]
[Black "Aloma Vidal, Robert"]
[WhiteFideId "13604040"]
[BlackFideId "2260409"]
[WhiteElo "2405"]
[BlackElo "2435"]
[Result "0-1"]
[Round "10"]
[TimeControl "180+2"]
[Date "2023.06.20"]
[WhiteClock "0:00:00"]
[BlackClock "0:00:19"]
[Board "61"]

1. d4 d5 2. Bf4 c5 3. e3 cxd4 4. exd4 Nc6 5. c3 f6 6. Nf3 g5 7. Bg3 h5 8. h4 g4 9. Ng1 Nh6 10. Bd3 Bf5 11. Ne2 e5 12. O-O Bg7 13. f3 gxf3 14. Bxf5 Nxf5 15. Rxf3 Qd7 16. Qf1 Nh6 17. Rxf6 O-O-O 18. Bxe5 Nxe5 19. dxe5 Bxf6 20. exf6 Ng4 21. Nd2 Rdf8 22. Nf3 Rxf6 23. Ned4 Rhf8 24. Re1 a6 25. Qe2 Kb8 26. Qe7 Qxe7 27. Rxe7 R6f7 28. Re6 Rf6 29. Re7 R8f7 30. Re8+ Ka7 31. a4 a5 32. Nb5+ Kb6 33. Rd8 Ne3 34. Ne5 Rf1+ 35. Kh2 Rg7 36. Rd6+ Kc5 37. Nd3+ Kc4 38. Ne5+ Kb3 39. Nd4+ Kxb2 40. Rb6+ Ka2 41. Ng6 Rf2 42. Kh3 Rxg2 43. c4 dxc4 44. Nf5 Nxf5 0-1


[Site "https://www.chess.com"]

[Event "Titled Tuesday Blitz June 20 Early 2023"]
[White "Florescu, Codrut-Constantin"]
[Black "Zaragatski, Ilja"]
[WhiteFideId "1202200"]
[BlackFideId "4655192"]
[WhiteElo "2191"]
[BlackElo "2460"]
[Result "0-1"]
[Round "10"]
[TimeControl "180+2"]
[Date "2023.06.20"]
[WhiteClock "0:00:50"]
[BlackClock "0:00:47"]
[Board "62"]

1. e4 d6 2. d4 Nf6 3. f3 d5 4. e5 Nfd7 5. Nc3 Nb6 6. f4 Bf5 7. Bd3 Bxd3 8. Qxd3 e6 9. Nf3 c5 10. dxc5 Bxc5 11. f5 exf5 12. Qxf5 Qd7 13. Qg5 O-O 14. Bf4 Bb4 15. O-O Bxc3 16. bxc3 Nc6 17. Nd4 Nxd4 18. cxd4 Rac8 19. Rf2 Qe6 20. Raf1 Qg6 21. Qxg6 hxg6 22. Bg5 Rc7 23. h4 Na4 24. Bc1 Nc3 25. Ba3 Re8 26. Bd6 Rd7 27. Rf3 Ne4 28. Bb4 Rc8 29. g4 Rxc2 30. h5 gxh5 31. gxh5 Rxa2 32. e6 fxe6 33. Rf8+ Kh7 34. Re8 Ng3 35. Rff8 Nxh5 36. Rh8+ Kg6 37. Rxe6+ Nf6 38. Re3 Ne4 39. Rh4 Rc7 0-1


[Site "https://www.chess.com"]